 Dungeon Sprint DCSS version 0.30.1-9-gdf580d7c3d (webtiles) character file.

Game seed: 14686940336433247545

68614 Joey1 the Slayer (level 14, -5/231 HPs)
             Began as a Minotaur Fighter on Oct 12, 2023.
             Was an Initiate of Gozag.
             Slain by Mennas
             ... wielding a +5 eudemon blade of holy wrath
              (12 damage)
             ... in the Dungeon (Sprint IX: "|||||||||||||||||||||||||||||").
             The game lasted 00:34:36 (5735 turns).

Joey1 the Slayer (Minotaur Fighter)                 Turns: 5735, Time: 00:34:37

Health: -5/231     AC: 34    Str: 27    XL:     14   Next: 87%
Magic:  13/13      EV: 12    Int:  8    God:    Gozag
Gold:   520        SH: 32    Dex:  8    Spells: 13/13 levels left

rFire   + . .        m - +8 morningstar (protect)
rCold   + + .        F - +8 tower shield
rNeg    . . .        A - +9 plate armour "Oriem" {Fly Will++ Dex-4}
rPois   +            w - +1 hat {Int+3}
rElec   +            s - +2 cloak
rCorr   +            o - +1 pair of gloves
SInv    .            n - +0 pair of boots
Will    +++..        t - amulet of reflection Stlth
                     q - +3 ring of strength
HPRegen 0.58/turn    C - ring of protection from cold
MPRegen 0.13/turn

%: no teleportation, reflection
@: berserking (expiring), resistant, flying, glowing, silenced, invisible (but
backlit and visible), very quick
A: horns 2, retaliatory headbutt
a: Renounce Religion


You were in the Dungeon.
You worshipped Gozag.
Gozag was pleased with you.
You visited 1 branch You collected 17736 gold pieces.
You spent 2006 gold pieces at shops.
You paid 15210 gold pieces to Gozag.

Inventory:

Hand Weapons
 a - a +0 flail
 m - a +8 morningstar of protection (weapon)
Armour
 b - a +0 scale mail
 c - a +0 buckler
 n - a +0 pair of boots (worn)
 o - a +1 pair of gloves (worn)
 p - a +1 chain mail
 s - a +2 cloak (worn)
 w - a +1 hat of intelligence (worn)
 A - the +9 plate armour "Oriem" (worn) {Fly Will++ Dex-4}
   (You bought it in a shop in the Dungeon)

   Dex:       It affects your dexterity (-4).
   Fly:       It grants you flight.
   Will:      It greatly increases your willpower.
 F - a +8 tower shield (worn)
Jewellery
 q - a +3 ring of strength (left hand)
 r - a +2 ring of protection
 t - an amulet of reflection (around neck)
 B - a ring of see invisible
 C - a ring of protection from cold (right hand)
 D - a ring of willpower
 E - a ring of fire
 H - a +4 ring of evasion
 I - an amulet of regeneration
 J - a +4 ring of evasion
 K - a ring of wizardry
Wands
 l - a wand of iceblast (10)
Scrolls
 j - 3 scrolls of blinking
 k - 2 scrolls of amnesia
 v - 2 scrolls of fear
 y - a scroll of poison
 G - 4 scrolls of fog
 N - a scroll of identify
Potions
 d - 4 potions of might
 e - 3 potions of brilliance
 f - 2 potions of mutation
 g - 2 potions of haste
 h - 4 potions of magic
 i - 6 potions of curing
 u - 2 potions of berserk rage
 x - a potion of ambrosia
 L - 6 potions of heal wounds
Miscellaneous
 z - a phial of floods (inert)


   Skills:
 + Level 22.2 Fighting
 - Level 18.0 Maces & Flails
 - Level 15.0 Armour
 - Level 19.1 Dodging
 - Level 20.0 Stealth
 - Level 20.0 Shields
 - Level 12.0 Evocations


You had 13 spell levels left.
You didn't know any spells.
Your spell library contained the following spells:

 Spells                   Type           Power      Damage    Failure   Level
 Freeze                   Ice            0%         1d3       99%         1
 Frozen Ramparts          Ice            0%         1d1       100%        3
 Hailstorm                Conj/Ice       0%         3d3       100%        3


Dungeon Overview and Level Annotations

Branches:
Dungeon (1/1)

Altars:
Cheibriados
Dithmenos
Elyvilon
Fedhas
Gozag
Hepliaklqana
Kikubaaqudgha
Makhleb
Nemelex Xobeh
Okawaru
Qazlal
Ru
Sif Muna
Trog
Uskayaw
Vehumet
Wu Jian
Xom
Yredelemnul
Zin
The Shining One
Jiyva
Lugonu

Shops:
D *[=(

Annotations:
D Mara, Mennas


Innate Abilities, Weirdness & Mutations

You have a pair of horns on your head.
You reflexively headbutt those who attack you in melee.


Message History

You block Joey1's illusion's attack.
Mara blinks!
Mennas blocks your attack.
Your headbutt misses Mennas.
Mennas is heavily wounded.
Mennas barely misses you. You block Mennas's attack.
You block Joey1's illusion's attack.
You closely miss Mennas. Mennas blocks your attack.
Mennas is heavily wounded.
You block Mennas's attack. Mennas barely misses you.
You completely miss Mennas.
Mennas is heavily wounded.
Joey1's illusion hits you!!
* * * LOW HITPOINT WARNING * * *
Mennas blocks your attack.
Your headbutt misses Mennas.
Mennas is heavily wounded.
You block Mennas's attack.
Mennas hits you with a +5 eudemon blade of holy wrath!
* * * LOW HITPOINT WARNING * * *
You block Joey1's illusion's attack. Mennas blocks your attack.
Mennas is heavily wounded.
You block Mennas's attack. x2
Mennas blocks your attack.
Mennas is heavily wounded.
You block Joey1's illusion's attack. You block Mennas's attack. x2
Mara blinks! x2
Mennas blocks your attack.
Mennas is heavily wounded.
Joey1's illusion hits you.
* * * LOW HITPOINT WARNING * * *
You closely miss Mennas.
Mennas is heavily wounded.
Joey1's illusion is no longer moving quickly.
Mennas gestures frantically.
Mennas's surroundings become eerily quiet.
You block Joey1's illusion's attack.
Mara blinks! x2
You barely miss Mennas.
Mennas is heavily wounded.
Mennas hits you with a +5 eudemon blade of holy wrath!
You die...
Your body crumbles into a pile of gold.

.▓.▓.▓.▓.▓.▓.▓)▓A▓
.▓[▓.▓.▓p▓.▓.▓)▓.▓
.▓[▓.▓'▓.▓)▓.▓)▓.▓
.▓[▓.▓)▓.▓.▓.▓)▓.▓
.▓[▓.▓)▓.▓(▓.▓)▓.▓
.▓.▓.▓.▓.▓.▓.▓.▓.▓
.▓[▓.▓)▓.▓)▓.▓.▓.▓
.▓[▓.▓.▓.▓)▓.▓.▓A▓
.▓[▓.▓.▓.▓.▓.▓[▓@▓
.▓.▓.▓.▓.▓.▓.▓[▓@▓
.▓.▓.▓.▓.▓.▓.▓[▓§▓
.▓.▓.▓)▓.▓.▓.▓[▓R▓
.▓.▓.♣'♣.▓.▓.▓.▓.▓
.▓.▓.♣.♣.▓'▓.▓[▓R▓
.▓.▓.♣.♣.▓)▓.▓[▓§▓
.▓.▓.♣.♣.▓)▓.▓.▓.▓
.▓.▓.♣.♣.▓)▓.▓.▓.▓


You could see Mennas (silencing), 2 Maras and Joey1's illusion.

Vanquished Creatures
  Margery (D)
  A golden dragon (D)
  Gastronok (D)
  Kirke (D)
  A tengu reaver (D)
  2 fire giants (D)
  A frost giant (D)
  2 vault wardens (D)
  3 stone giants (D)
  An ironbound preserver (D)
  3 very ugly things (D)
  An ironbound thunderhulk (D)
  Nessos (D)
  A dire elephant (D)
  A bunyip (D)
  Josephine (D)
  An entropy weaver (D)
  A great orb of eyes (D)
  2 ice dragons (D)
  2 yaktaur captains (D)
  A ghost crab (D)
  3 hydras (D)
  A peacekeeper (D)
  An alligator snapping turtle (D)
  An anaconda (shapeshifter) (D)
  A boulder beetle (D)
  An anaconda (D)
  An ironbound frostheart (D)
  An alligator (D)
  3 deep troll shamans (D)
  3 shock serpents (D)
  A tengu warrior (D)
  A naga warrior (D)
  5 orc high priests (D)
  2 spriggan berserkers (D)
  6 hell knights (D)
  A fire crab (shapeshifter) (D)
  A spriggan druid (D)
  5 sea snakes (D)
  A naga ritualist (D)
  4 ironbound convokers (D)
  2 harpies (D)
  A steelbarb worm (D)
  A wizard (D)
  2 necromancers (D)
  3 lindwurms (D)
  5 orc knights (D)
  2 deep elf pyromancers (D)
  2 ugly things (D)
  2 manticores (D)
  A mana viper (D)
  4 wolf spiders (D)
  A cyclops (D)
  A salamander (D)
  A moth of wrath (D)
  An elephant (D)
  A merfolk siren (D)
  A black mamba (D)
  A naga mage (D)
  A cane toad (D)
  3 demonic crawlers (D)
  2 vault sentinels (D)
  A freezing wraith (D)
  A yaktaur (D)
  A tengu conjurer (D)
  3 tyrant leeches (D)
  A jumping spider (D)
  A slime creature (D)
  A blink frog (D)
  A culicivora (D)
  6 yaks (D)
  6 wraiths (D)
  2 basilisks (D)
  A vampire mosquito (D)
  5 water moccasins (D)
  An ice beast (D)
  9 orc warriors (D)
  A wolf (D)
  A centaur (D)
  A gnoll sergeant (D)
  A scorpion (D)
  11 orc priests (D)
  7 orc wizards (D)
  3 worms (D)
  A dart slug (D)
  6 orcs (D)
  A goblin (D)
  3 jackals (D)
  A quokka (D)
187 creatures vanquished.

Vanquished Creatures (others)
  A rakshasa (D)
  A hydra (D)
  A goliath frog (D)
  A will-o-the-wisp (D)
  A shadow (D)
  2 humans (D)
7 creatures vanquished.

Grand Total: 194 creatures vanquished

Notes
Turn   | Place    | Note
-------+----------+-------------------------------------------
     0 | D        | Joey1 the Minotaur Fighter began the quest for the Orb.
     0 | D        | Reached XP level 1. HP: 19/19 MP: 0/0
    10 | D        | Reached skill level 4 in Fighting
    16 | D        | Reached XP level 2. HP: 25/28 MP: 1/1
    22 | D        | Noticed a scorpion
    22 | D        | Noticed a centaur
    22 | D        | Noticed an ice beast
    29 | D        | Killed a scorpion
    30 | D        | Reached skill level 5 in Fighting
    30 | D        | Reached skill level 5 in Armour
    30 | D        | Reached skill level 5 in Shields
    30 | D        | Reached XP level 3. HP: 18/36 MP: 2/2
    32 | D        | Killed a centaur
    33 | D        | Reached skill level 10 in Maces & Flails
    33 | D        | Reached skill level 1 in Dodging
    33 | D        | Reached XP level 4. HP: 15/42 MP: 3/3
    33 | D        | Reached XP level 5. HP: 17/48 MP: 4/4
    35 | D        | Killed an ice beast
    36 | D        | Reached skill level 1 in Stealth
   179 | D        | Found a snail-covered altar of Cheibriados.
   179 | D        | Found a shadowy altar of Dithmenos.
   179 | D        | Found a white marble altar of Elyvilon.
   179 | D        | Found a blossoming altar of Fedhas.
   179 | D        | Found an opulent altar of Gozag.
   180 | D        | Found a hazy altar of Hepliaklqana.
   181 | D        | Found a viscous altar of Jiyva.
   182 | D        | Found an ancient bone altar of Kikubaaqudgha.
   183 | D        | Found a corrupted altar of Lugonu.
   184 | D        | Found a burning altar of Makhleb.
   185 | D        | Found a sparkling altar of Nemelex Xobeh.
   186 | D        | Found an iron altar of Okawaru.
   187 | D        | Found a stormy altar of Qazlal.
   189 | D        | Became a worshipper of Gozag Ym Sagoz the Greedy
   191 | D        | Found a sacrificial altar of Ru.
   192 | D        | Found a shimmering blue altar of Sif Muna.
   193 | D        | Found a bloodstained altar of Trog.
   194 | D        | Found a hide-covered altar of Uskayaw.
   195 | D        | Found a radiant altar of Vehumet.
   196 | D        | Found an ornate altar of the Wu Jian Council.
   197 | D        | Found a shimmering altar of Xom.
   198 | D        | Found a basalt altar of Yredelemnul.
   199 | D        | Found a glowing silver altar of Zin.
   200 | D        | Found a glowing golden altar of the Shining One.
   252 | D        | Noticed a yak
   252 | D        | Noticed a wraith
   252 | D        | Noticed a yak
   257 | D        | Reached XP level 6. HP: 56/56 MP: 5/5
   260 | D        | Killed a yak
   268 | D        | Killed a wraith
   269 | D        | Reached skill level 5 in Stealth
   269 | D        | Reached XP level 7. HP: 34/61 MP: 6/6
   273 | D        | Killed a yak
   396 | D        | Noticed a purple ugly thing
   396 | D        | Noticed a deep elf pyromancer
   396 | D        | Noticed a manticore
   396 | D        | Noticed a shadow
   396 | D        | Noticed a deep elf pyromancer
   398 | D        | Noticed a fire elemental
   407 | D        | Killed a purple ugly thing
   408 | D        | Reached skill level 10 in Dodging
   408 | D        | Reached XP level 8. HP: 47/68 MP: 7/7
   421 | D        | Killed a deep elf pyromancer
   430 | D        | Killed a manticore
   436 | D        | HP: 3/68 [something (20)]
   440 | D        | Reached skill level 10 in Stealth
   441 | D        | HP: 3/68 [deep elf pyromancer/bolt of fire (16)]
   444 | D        | Killed a deep elf pyromancer
   445 | D        | Reached XP level 9. HP: 31/74 MP: 8/8
   728 | D        | Noticed an elephant
   766 | D        | Killed an elephant
   843 | D        | Noticed a boulder beetle
   843 | D        | Noticed a seven-headed hydra
   850 | D        | Noticed a cane toad
   855 | D        | Reached XP level 10. HP: 69/81 MP: 9/9
   860 | D        | Noticed a black mamba
   865 | D        | Killed a seven-headed hydra
   866 | D        | Reached skill level 15 in Dodging
   883 | D        | Killed a cane toad
   892 | D        | Killed a black mamba
   905 | D        | Killed a boulder beetle
   906 | D        | Reached skill level 15 in Stealth
   982 | D        | Noticed a lindwurm
  1003 | D        | Noticed a lindwurm
  1008 | D        | Killed a lindwurm
  1033 | D        | Killed a lindwurm
  1148 | D        | Noticed Josephine
  1157 | D        | Reached XP level 11. HP: 86/86 MP: 10/10
  1162 | D        | Killed Josephine
  1196 | D        | Noticed Gastronok
  1211 | D        | Killed Gastronok
  1324 | D        | Noticed an orc knight
  1347 | D        | Killed an orc knight
  1406 | D        | Noticed an orc knight
  1428 | D        | Killed an orc knight
  1434 | D        | Noticed an orc high priest
  1444 | D        | Noticed an orc knight
  1463 | D        | Noticed an orc knight
  1474 | D        | Killed an orc high priest
  1485 | D        | Killed an orc knight
  1493 | D        | Killed an orc knight
  1650 | D        | Found Getuca Gicve's Assorted Antiques.
  1650 | D        | Noticed an orc high priest
  1650 | D        | Noticed an orc high priest
  1652 | D        | Noticed a sixfirhy
  1652 | D        | Noticed an orc high priest
  1660 | D        | Killed an orc high priest
  1661 | D        | Found Varhieh's Antique Armour Shoppe.
  1664 | D        | Killed an orc high priest
  1666 | D        | Found Daywk's Jewellery Emporium.
  1668 | D        | Noticed a sun demon
  1672 | D        | Noticed an orc high priest
  1683 | D        | Killed an orc high priest
  1689 | D        | Noticed a soul eater
  1707 | D        | Killed an orc high priest
  1708 | D        | Reached XP level 12. HP: 50/94 MP: 11/11
  1708 | D        | Found Beubozamp's Antique Weapon Shoppe.
  1760 | D        | Bought a metallic dark potion for 14 gold pieces
  1760 | D        | Bought a scroll labelled BACHIG KOPIET for 16 gold pieces
  1760 | D        | Bought a phial of floods for 640 gold pieces
  1760 | D        | Bought a potion of might for 64 gold pieces
  1762 | D        | Bought a shimmering plate armour for 672 gold pieces
  1762 | D        | Identified the +9 plate armour "Oriem" {Fly Will++ Dex-4}
                  | (You bought it in a shop in the Dungeon)
  2058 | D        | Noticed a six-headed hydra
  2084 | D        | Reached skill level 6 in Fighting
  2088 | D        | Killed a six-headed hydra
  2089 | D        | Reached skill level 15 in Maces & Flails
  2095 | D        | Reached skill level 7 in Fighting
  2230 | D        | Noticed a rakshasa
  2231 | D        | Noticed a stone giant
  2233 | D        | Noticed a fire giant
  2238 | D        | Noticed a fire giant
  2242 | D        | Noticed a fire giant
  2242 | D        | Killed a rakshasa
  2250 | D        | Reached skill level 8 in Fighting
  2250 | D        | Noticed a tengu warrior
  2256 | D        | Killed a stone giant
  2273 | D        | Killed a fire giant
  2274 | D        | Reached skill level 9 in Fighting
  2282 | D        | Killed a fire giant
  2284 | D        | Killed a tengu warrior
  2558 | D        | Bought an embroidered cloak for 180 gold pieces
  2573 | D        | Bought an amulet of reflection for 420 gold pieces
  2820 | D        | Reached skill level 10 in Fighting
  2838 | D        | Reached skill level 10 in Shields
  2850 | D        | Reached skill level 11 in Fighting
  3048 | D        | Noticed a naga warrior
  3053 | D        | Reached skill level 12 in Fighting
  3053 | D        | Reached XP level 13. HP: 107/118 MP: 12/12
  3072 | D        | Reached skill level 13 in Fighting
  3098 | D        | Reached skill level 14 in Fighting
  3400 | D        | Noticed a bunyip
  3425 | D        | Killed a bunyip
  3426 | D        | Reached skill level 15 in Fighting
  3426 | D        | Reached skill level 15 in Shields
  3774 | D        | Noticed Kirke
  3786 | D        | Killed Kirke
  3813 | D        | Noticed Nessos
  3827 | D        | Killed Nessos
  3921 | D        | Noticed a stone giant
  3921 | D        | Noticed a purple very ugly thing
  3921 | D        | Noticed a frost giant
  3921 | D        | Noticed a white very ugly thing
  3926 | D        | Noticed a red very ugly thing
  3933 | D        | Killed a stone giant
  3944 | D        | Killed a purple very ugly thing
  3953 | D        | Killed a frost giant
  3954 | D        | Reached skill level 16 in Fighting
  3960 | D        | Killed a green very ugly thing
  3967 | D        | Killed a red very ugly thing
  3968 | D        | Noticed a golden dragon
  3975 | D        | Reached skill level 17 in Fighting
  3975 | D        | Reached skill level 10 in Armour
  3985 | D        | Killed a golden dragon
  3986 | D        | Reached XP level 14. HP: 62/140 MP: 11/13
  3990 | D        | Noticed a tengu reaver
  4003 | D        | Reached skill level 18 in Fighting
  4003 | D        | Noticed a stone giant
  4015 | D        | Killed a tengu reaver
  4032 | D        | Killed a stone giant
  4033 | D        | Reached skill level 19 in Fighting
  4279 | D        | Noticed an ironbound preserver
  4297 | D        | Noticed a vault warden
  4309 | D        | Killed an ironbound preserver
  4310 | D        | Reached skill level 20 in Fighting
  4310 | D        | Reached skill level 15 in Armour
  4330 | D        | Killed a vault warden
  4331 | D        | Reached skill level 5 in Evocations
  4345 | D        | Noticed an ironbound thunderhulk
  4447 | D        | Noticed a vault warden
  4453 | D        | Killed an ironbound thunderhulk
  4454 | D        | Reached skill level 10 in Evocations
  4463 | D        | Killed a vault warden
  5252 | D        | Noticed Margery
  5279 | D        | Killed Margery
  5308 | D        | Reached skill level 21 in Fighting
  5331 | D        | Reached skill level 22 in Fighting
  5570 | D        | Noticed Mara
  5590 | D        | Noticed Joey1's illusion
  5630 | D        | Noticed Joey1's illusion
  5643 | D        | Noticed Joey1's illusion
  5683 | D        | Noticed Joey1's illusion
  5697 | D        | Noticed Mennas
  5702 | D        | Noticed Joey1's illusion
  5730 | D        | HP: 8/231 [Mennas/+5 eudemon blade of holy wrath (15)]
  5735 | D        | Slain by Mennas

Illustrated notes

Levels and vault maps discovered:
D:        linesprint [early_d, line_temple, items_1, d_10, items_2, lair_1,
          lair_end, items_3, orc_1, orc_end, items_4, d_15, swamp_1, shoals_1,
          snake_1, spider_1, d_20, vaults_1, items_5, swamp_end, shoals_end,
          snake_end, spider_end, vaults_end, d_27, items_6, zot_1, zot_end,
          crypt_end, forest_end, elf_end, slime_end, tomb_end, abyss_end,
          pan_hell_end]

Skill      XL: |  1  2  3  4  5  6  7  8  9 10 11 12 13 14 |
---------------+-------------------------------------------+-----
Fighting       | 4 5 12 17 22 | 22.2
Maces & Flails | 3 7 10 13 14 18 | 18.0
Armour         | 4 5 11 15 | 15.0
Shields        | 4 5 12 20 | 20.0
Dodging        | 1 2 6 10 13 14 16 19 | 19.1
Stealth        | 1 5 7 11 13 16 20 | 20.0
Evocations     | 12 | 12.0

Action                     |  1- 3 |  4- 6 |  7- 9 | 10-12 | 13-15 || total
---------------------------+-------+-------+-------+-------+-------++-------
  Melee: Flail             |    18 |     4 |       |       |       ||    22
         Headbutt          |     3 |     7 |    25 |   105 |   146 ||   286
         Morningstar       |       |    16 |   104 |   442 |   547 ||  1109
 Invoke: Potion Petition   |       |       |       |    24 |    16 ||    40
  Evoke: Phial of floods   |       |       |       |       |     2 ||     2
    Use: Potion            |     3 |       |     3 |     5 |     1 ||    12
         Scroll            |       |       |     2 |     8 |     6 ||    16
   Stab: Invisible         |       |       |     2 |     9 |       ||    11
         Distracted        |       |       |       |     4 |     1 ||     5
         Sleeping          |       |       |       |     1 |       ||     1
 Armour: Scale mail        |     1 |     1 |       |       |       ||     2
         Chain mail        |       |     2 |    32 |    60 |       ||    94
         Plate armour      |       |       |       |    78 |    93 ||   171
  Dodge: Dodged            |    15 |     4 |    45 |   125 |    49 ||   238
  Block: Buckler           |     5 |     3 |    15 |    35 |       ||    58
         Tower shield      |       |       |       |   181 |   355 ||   536
         Reflection        |       |       |       |       |    11 ||    11
